 Dungeon Crawl Stone Soup version 0.22.1-1-ga44c0e56f4 (webtiles) character file.

1404 thomasdeveloper the Cudgeler (level 8, -4/49 HPs)
             Began as a Gargoyle Fighter on Oct 16, 2018.
             Slain by a killer bee (5 damage)
             ... on level 7 of the Dungeon.
             The game lasted 00:32:48 (5768 turns).

thomasdeveloper the Cudgeler (Gargoyle Fighter)     Turns: 5768, Time: 00:32:49

Health: -4/49      AC: 17    Str: 22    XL:     8   Next: 69%
Magic:  8/8        EV:  9    Int:  9    God:
Gold:   318        SH: 10    Dex:  9    Spells: 7/7 levels left

rFire    . . .     SeeInvis .   a - +0 flail
rCold    . . .     Gourm    .   c - +0 shield
rNeg     + + .     Faith    .   b - +1 scale mail
rPois    ∞         Spirit   .   g - +0 helmet
rElec    +         Reflect  .   (no cloak)
rCorr    .         Harm     .   e - +1 pair of gloves
MR       .....                  (no boots)
Stlth    ..........             (no amulet)
HPRegen  0.16/turn              j - ring of positive energy
MPRegen  0.11/turn              n - ring of poison resistance

@: no status effects
A: negative energy resistance 1, electricity resistance, unbreathing,
petrification resistance, rot immunity, AC +5
a: no special abilities


You were on level 7 of the Dungeon.
You were not hungry.

You visited 1 branch of the dungeon, and saw 7 of its levels.

You collected 318 gold pieces.

Inventory:

Hand Weapons
 a - a +0 flail (weapon)
Armour
 b - a +1 scale mail (worn)
 c - a +0 shield (worn)
 e - a +1 pair of gloves (worn)
 g - a +0 helmet (worn)
Jewellery
 j - a ring of positive energy (left hand)
 n - a ring of poison resistance (right hand)
Wands
 o - a wand of flame (22)
Scrolls
 h - a scroll of enchant armour
 i - a scroll of fog
 k - 3 scrolls of remove curse
 p - 2 scrolls of identify
Potions
 d - a potion of might
 l - 2 potions of agility
Comestibles
 f - 3 rations


   Skills:
 + Level 5.2 Fighting
 + Level 6.5 Maces & Flails
 + Level 6.2 Armour
 + Level 2.0 Dodging
 + Level 0.4 Stealth
 + Level 6.0 Shields
 + Level 1.0 Evocations


You had 7 spell levels left.
You didn't know any spells.
Your spell library was empty.

Dungeon Overview and Level Annotations

Branches:
Dungeon (7/15)             Temple (0/1) D:4

Altars:
Cheibriados
Makhleb

Annotations:
D:3 3 runed doors, NochnoyZador's ghost, amateur TrMo


Innate Abilities, Weirdness & Mutations

You are resistant to torment.
Your stone body is resilient. (AC +5)
You are immune to poison.
You resist negative energy. (rN+)
You are resistant to electric shocks. (rElec)
You can survive without breathing.
You are immune to petrification.
You are immune to rotting.


Message History

The killer bee is moderately wounded.
You block the killer bee's attack. The killer bee barely misses you. x3
The killer bee closely misses you. The killer bee barely misses you.
You block the killer bee's attack.
The killer bee stings you but does no damage.
You thump the killer bee!
The killer bee is severely wounded.
You block the killer bee's attack.
The killer bee stings you but does no damage. x5
You block the killer bee's attack. x2
The killer bee stings you but does no damage.
The killer bee stings you.
* * * LOW HITPOINT WARNING * * *
Your shield and scale mail prevent you from hitting the killer bee.
The killer bee is severely wounded.
The killer bee misses you. You block the killer bee's attack.
The killer bee closely misses you. x2; You block the killer bee's attack.
The killer bee barely misses you. You block the killer bee's attack.
The killer bee stings you.
You die...

#.##.#
#..#.#
#...# ####
##))# ...
#..##.##..
#........#
##....#####
##.yyy##
#..y@##
#.........#
####......#
#......#
########


You could see 4 killer bees.

Vanquished Creatures
  A soldier ant (D:6)
  An orc warrior (D:7)
  A sky beast (D:5)
  2 ogres
  A scorpion (D:4)
  A killer bee (D:6)
  4 electric eels (D:4)
  A crimson imp (D:5)
  A hound (D:4)
  4 orc priests
  2 jellies (D:6)
  2 orc wizards (D:5)
  2 iguanas (D:5)
  6 worker ants
  A worker ant zombie (D:5)
  4 gnolls (D:4)
  6 adders
  2 oozes
  An adder zombie (D:6)
  2 adder skeletons (D:5)
  4 worms
  2 dart slugs
  3 leopard geckos
  14 orcs
  2 ball pythons
  2 bats
  9 giant cockroaches
  8 goblins
  4 hobgoblins
  5 jackals
  5 kobolds
  2 quokkas
  A frilled lizard (D:2)
  A jackal zombie (D:5)
  A quokka skeleton (D:5)
  A quokka zombie (D:5)
  A plant (D:4)
110 creatures vanquished.

Vanquished Creatures (others)
  A fungus (D:3)
  4 plants
5 creatures vanquished.

Grand Total: 115 creatures vanquished

Notes
Turn   | Place    | Note
-------+----------+-------------------------------------------
     0 | D:1      | thomasdeveloper the Gargoyle Fighter began the quest for
                  | the Orb.
     0 | D:1      | Reached XP level 1. HP: 14/14 MP: 1/1
   193 | D:1      | Reached XP level 2. HP: 16/19 MP: 2/2
   572 | D:2      | Reached XP level 3. HP: 22/23 MP: 3/3
  1146 | D:3      | Reached XP level 4. HP: 28/29 MP: 4/4
  1399 | D:3      | Found a runed gate.
  1402 | D:3      | Noticed NochnoyZador's ghost (amateur TrMo)
  1406 | D:3      | Found a runed gate.
  1406 | D:3      | Found a runed gate.
  1406 | D:3      | Noticed a big kobold
  1716 | D:4      | Found a staircase to the Ecumenical Temple.
  1724 | D:4      | Found a transporter.
  1825 | D:4      | Noticed an ogre
  1831 | D:4      | Killed an ogre
  1831 | D:4      | Reached XP level 5. HP: 33/33 MP: 5/5
  1843 | D:4      | Found a transporter.
  2190 | D:4      | Reached XP level 6. HP: 27/38 MP: 6/6
  2861 | D:4      | Reached skill level 1 in Dodging
  2861 | D:4      | Reached XP level 7. HP: 34/44 MP: 7/7
  2975 | D:5      | Entered Level 5 of the Dungeon
  3084 | D:5      | Reached skill level 5 in Maces & Flails
  3084 | D:5      | Reached skill level 5 in Shields
  3284 | D:5      | Reached skill level 5 in Armour
  3300 | D:5      | Found a snail-covered altar of Cheibriados.
  3771 | D:5      | Reached XP level 8. HP: 36/48 MP: 8/8
  3780 | D:5      | Reached skill level 1 in Evocations
  3786 | D:5      | HP: 2/48 [orc priest/divine providence (9)]
  4343 | D:6      | Found a burning altar of Makhleb.
  4343 | D:6      | Noticed a green death
  4347 | D:6      | Noticed a ynoxinul
  4467 | D:6      | Found a runed door.
  4475 | D:6      | Reached skill level 5 in Fighting
  4575 | D:6      | Found a runed door.
  5090 | D:6      | HP: 1/49 [soldier ant (7)]
  5767 | D:7      | HP: 1/49 [killer bee (5)]
  5768 | D:7      | Slain by a killer bee

Skill      XL: |  1  2  3  4  5  6  7  8 |
---------------+-------------------------+-----
Shields        | 4 5 6 |  6.0
Maces & Flails | 4 5 6 |  6.5
Fighting       | 4 5 |  5.2
Armour         | 4 5 6 |  6.2
Dodging        | 1 2 |  2.0
Evocations     | 1 |  1.0
Stealth        | |  0.4

Action                   |  1- 3 |  4- 6 |  7- 9 || total
-------------------------+-------+-------+-------++-------
Melee: Flail             |   125 |   217 |   240 ||   582
Evoke: Wand              |       |     4 |     9 ||    13
  Use: Potion            |     1 |     4 |     6 ||    11
       Scroll            |     5 |     5 |     1 ||    11
  Eat: Ration            |       |     2 |     3 ||     5
Armor: Scale mail        |    92 |    90 |   150 ||   332
Dodge: Dodged            |    47 |    62 |    87 ||   196
Block: Shield            |    66 |   110 |   143 ||   319
